 Dungeon Crawl Stone Soup version 0.30.0-15-g856e2d3f33 (webtiles) character file.

Game seed: 11597152145601612456

574 zazu2006 the Thrower (level 7, -3/56 HPs)
             Began as a Gnoll Wanderer on May 20, 2023.
             Slain by a black bear (5 damage)
             ... on level 5 of the Dungeon.
             The game lasted 00:11:49 (3972 turns).

zazu2006 the Thrower (Gnoll Wanderer)               Turns: 3972, Time: 00:11:50

Health: -3/56      AC:  8    Str: 15 (16) XL:     7   Next: 35%
Magic:  10/10      EV: 10    Int:  9 (11) God:
Gold:   256        SH:  0    Dex:  7 (9)  Spells: 11/11 levels left

rFire   + . .        h - +0 trident
rCold   + . .        (no shield)
rNeg    . . .        m - +3 ring mail {Will+}
rPois   +            (no helmet)
rElec   .            j - scarf {rC+ rF+}
rCorr   .            (no gloves)
SInv    +            (no boots)
Will    +....        (no amulet)
Stlth   +            k - ring of poison resistance
HPRegen 0.29/turn    (no ring)
MPRegen 0.12/turn

%: no passive effects
@: no status effects
A: fangs 1, strong nose, distributed training, see invisible
a: no special abilities


You were on level 5 of the Dungeon.
You visited 1 branch of the dungeon, and saw 5 of its levels.

You collected 256 gold pieces.

Inventory:

Hand Weapons
 g - a +2 dagger of electrocution
 h - a +0 trident (weapon)
Missiles
 b - a curare-tipped dart (quivered)
 f - 3 silver javelins
Armour
 j - a scarf of resistance (worn)
 l - a +2 leather armour of cold resistance
 m - a +3 ring mail of willpower (worn)
Jewellery
 e - an amulet of magic regeneration
 k - a ring of poison resistance (left hand)
Scrolls
 a - a scroll of fog
 c - a scroll of enchant armour
 d - a scroll of enchant weapon
 n - a scroll of magic mapping {unknown}
 o - 3 scrolls of teleportation {unknown}
 p - a scroll of amnesia
 q - a scroll of noise
 t - a scroll of torment
Potions
 r - a potion of magic


   Skills:
 + Level 5.2 Fighting
 + Level 2.5 Short Blades
 + Level 2.5 Long Blades
 + Level 2.5 Axes
 + Level 2.5 Maces & Flails
 + Level 5.2 Polearms
 + Level 2.5 Staves
 + Level 2.5 Ranged Weapons
 + Level 8.9 Throwing
 + Level 3.6 Armour
 + Level 2.5 Dodging
 + Level 3.5 Stealth
 + Level 2.5 Shields
 + Level 2.5 Unarmed Combat
 + Level 2.5 Spellcasting
 + Level 2.0 Conjurations
 + Level 2.0 Hexes
 + Level 2.0 Summonings
 + Level 2.0 Necromancy
 + Level 2.0 Translocations
 + Level 2.0 Transmutations
 + Level 2.0 Fire Magic
 + Level 2.0 Ice Magic
 + Level 2.0 Air Magic
 + Level 2.0 Earth Magic
 + Level 2.0 Poison Magic
 + Level 2.8 Invocations
 + Level 2.5 Evocations


You had 11 spell levels left.
You didn't know any spells.
Your spell library contained the following spells:

 Spells                   Type           Power      Damage    Failure   Level
 Portal Projectile        Hex/Tloc       8%         N/A       61%         3
 Tukima's Dance           Hex            4%         N/A       61%         3
 Blade Hands              Tmut           2%         N/A       100%        5


Dungeon Overview and Level Annotations

Branches:
Dungeon (5/15)
 Temple: D:4-7

Altars:
Hepliaklqana
Okawaru

Shops:
D:4 (

Annotations:
D:3 2 runed translucent doors, hito's ghost, amateur HOMo
D:4 Grinder
D:5 2 transporters, SecretSquirrel's ghost, novice MiHu


Innate Abilities, Weirdness & Mutations

You have very sharp teeth.
Your uncanny sense of smell can sniff out nearby items.
Your experience applies equally to all skills.
You have supernaturally acute eyesight. (SInv)


Message History

You hit the black bear.
The black bear is almost dead.
The black bear bites you! The black bear claws you.
The black bear barely misses you. The black bear bites you.
The black bear claws you. The black bear barely misses you.
You completely miss the black bear.
The black bear is almost dead.
The black bear completely misses you. The black bear barely misses you.
The black bear claws you but does no damage.
You hit the black bear.
You punch the black bear, but do no damage.
The black bear is almost dead.
The black bear bites you. The black bear claws you.
The black bear barely misses you. The black bear completely misses you.
The black bear barely misses you.
The black bear claws you but does no damage.
You closely miss the black bear.
The black bear is almost dead.
The black bear misses you. The black bear claws you.
* * * LOW HITPOINT WARNING * * *
The black bear claws you but does no damage.
The black bear bites you.
* * * LOW HITPOINT WARNING * * *
The black bear barely misses you.
The black bear claws you but does no damage.
It was a potion of cancellation.
You feel magically purged. The black bear closely misses you.
The black bear claws you but does no damage.
The black bear claws you.
* * * LOW HITPOINT WARNING * * *
Unknown command.
Unknown command.
You aren't carrying any items that you can evoke.
Okay, then.
You hit the black bear but do no damage.
The black bear is almost dead.
The black bear barely misses you. The black bear claws you.
* * * LOW HITPOINT WARNING * * *
The black bear claws you.
You die...

. .. #.# # #.# # ##
##.## #####.###
.####...########........
.'......................
.##.....>...####@#....#
###.........# #h# .##
###.........####h. ∆
#.................
#....)...©........#
#..#############..#
#..#©ZW........#..#
#..#...........#..#
...#.Z##...##..


You could see a black bear (berserk) and a hound.

Vanquished Creatures
  Duvessa (D:5)
  A scorpion (D:3)
  Dowan (D:5)
  A hound (D:4)
  2 iguanas (D:4)
  3 orc wizards
  Natasha (D:3)
  7 adders
  An ufetubus (D:5)
  2 worms
  3 dart slugs
  7 orcs
  7 endoplasms
  2 giant cockroaches
  14 goblins
  15 hobgoblins
  4 jackals (D:5)
  9 kobolds
  9 quokkas
  7 ball pythons
  6 bats
  2 frilled lizards
  3 rats
108 creatures vanquished.

Notes
Turn   | Place    | Note
-------+----------+-------------------------------------------
     0 | D:1      | zazu2006 the Gnoll Wanderer began the quest for the Orb.
     0 | D:1      | zazu2006 set off with the following items: a +3 dagger, a
                  | curare-tipped dart, a +0 spear, a potion of lignification,
                  | a +0 leather armour.
     0 | D:1      | Reached XP level 1. HP: 20/20 MP: 1/1
   122 | D:1      | Reached XP level 2. HP: 26/26 MP: 2/2
   913 | D:2      | Reached XP level 3. HP: 28/30 MP: 3/3
  1163 | D:2      | Reached skill level 1 in Invocations
  1265 | D:2      | Reached skill level 1 in Short Blades
  1265 | D:2      | Reached skill level 1 in Long Blades
  1265 | D:2      | Reached skill level 1 in Axes
  1265 | D:2      | Reached skill level 1 in Maces & Flails
  1265 | D:2      | Reached skill level 1 in Staves
  1265 | D:2      | Reached skill level 1 in Ranged Weapons
  1265 | D:2      | Reached skill level 1 in Dodging
  1265 | D:2      | Reached skill level 1 in Shields
  1265 | D:2      | Reached skill level 1 in Unarmed Combat
  1265 | D:2      | Reached skill level 1 in Spellcasting
  1265 | D:2      | Reached skill level 1 in Evocations
  1401 | D:2      | Reached XP level 4. HP: 38/38 MP: 5/5
  1408 | D:2      | Reached skill level 1 in Conjurations
  1408 | D:2      | Reached skill level 1 in Hexes
  1408 | D:2      | Reached skill level 1 in Summonings
  1408 | D:2      | Reached skill level 1 in Necromancy
  1408 | D:2      | Reached skill level 1 in Translocations
  1408 | D:2      | Reached skill level 1 in Transmutations
  1408 | D:2      | Reached skill level 1 in Fire Magic
  1408 | D:2      | Reached skill level 1 in Ice Magic
  1408 | D:2      | Reached skill level 1 in Air Magic
  1408 | D:2      | Reached skill level 1 in Earth Magic
  1408 | D:2      | Reached skill level 1 in Poison Magic
  1961 | D:3      | Reached XP level 5. HP: 40/43 MP: 7/7
  2024 | D:3      | Found a runed translucent door.
  2395 | D:3      | Found a runed translucent door.
  2400 | D:3      | Noticed hito's ghost (amateur HOMo)
  2680 | D:4      | Found Neamuna's Weapon Shop.
  2684 | D:4      | Reached XP level 6. HP: 50/50 MP: 8/8
  2708 | D:4      | Noticed Grinder
  2729 | D:4      | Noticed Natasha
  2772 | D:3      | Killed Natasha
  2773 | D:3      | Reached skill level 5 in Fighting
  2773 | D:3      | Reached skill level 5 in Polearms
  3035 | D:5      | Entered Level 5 of the Dungeon
  3035 | D:5      | Noticed Duvessa
  3035 | D:5      | Noticed Dowan
  3613 | D:4      | Found an iron altar of Okawaru.
  3622 | D:4      | Found a hazy altar of Hepliaklqana.
  3737 | D:5      | Gained mutation: You have supernaturally acute eyesight.
                  | (SInv) [potion of mutation]
  3745 | D:5      | Killed Duvessa
  3746 | D:5      | Reached XP level 7. HP: 21/56 MP: 10/10
  3753 | D:5      | Killed Dowan
  3940 | D:5      | Found a transporter.
  3940 | D:5      | Noticed SecretSquirrel's ghost (novice MiHu)
  3943 | D:5      | Found a transporter.
  3972 | D:5      | HP: 2/56 [black bear (2)]
  3972 | D:5      | Slain by a black bear

Illustrated notes

Levels and vault maps discovered:
D:1:      elethiomel_arrival_quiet, layout_loops_ring, serial_rivers,
          chequers_serial_rivers_micro_c, chequers_serial_rivers_large_b,
          chequers_serial_rivers_room_a, chequers_serial_rivers_small_a,
          chequers_serial_rivers_micro_d, chequers_serial_rivers_marsh
D:2:      layout_basic
D:3:      layout_loops_ring, ebering_ghost_sewer_f, minmay_goblin_outpost
D:4:      layout_cave_pools, minitemple, serial_shops, nicolae_shop_waterfront,
          uniq_grinder, uniq_natasha
D:5:      layout_loops_corners, kennysheep_orc_sif_temple,
          gammafunk_ghost_mausoleum, minmay_misc_feat_iff, uniq_duvessa,
          uniq_sigmund

Skill      XL: |  1  2  3  4  5  6 |
---------------+-------------------+-----
Invocations    | 1 2 |  2.8
Short Blades   | 1 2 |  2.5
Long Blades    | 1 2 |  2.5
Axes           | 1 2 |  2.5
Maces & Flails | 1 2 |  2.5
Staves         | 1 2 |  2.5
Ranged Weapons | 1 2 |  2.5
Dodging        | 1 2 |  2.5
Shields        | 1 2 |  2.5
Unarmed Combat | 1 2 |  2.5
Spellcasting   | 1 2 |  2.5
Evocations     | 1 2 |  2.5
Conjurations   | 1 2 |  2.0
Hexes          | 1 2 |  2.0
Summonings     | 1 2 |  2.0
Necromancy     | 1 2 |  2.0
Translocations | 1 2 |  2.0
Transmutations | 1 2 |  2.0
Fire Magic     | 1 2 |  2.0
Ice Magic      | 1 2 |  2.0
Air Magic      | 1 2 |  2.0
Earth Magic    | 1 2 |  2.0
Poison Magic   | 1 2 |  2.0
Armour         | 3 |  3.6
Stealth        | 3 |  3.5
Fighting       | 5 |  5.2
Polearms       | 5 |  5.2
Throwing       | |  8.9

Action                     |  1- 3 |  4- 6 |  7- 9 || total
---------------------------+-------+-------+-------++-------
  Melee: Spear             |    32 |       |       ||    32
         Bite              |     6 |    28 |     5 ||    39
         Trident           |   136 |   237 |    44 ||   417
         Punch             |     1 |     5 |     2 ||     8
    Use: Potion            |     2 |     5 |     1 ||     8
         Scroll            |       |     8 |       ||     8
   Stab: Sleeping          |       |     2 |       ||     2
 Armour: Leather armour    |    18 |       |       ||    18
         Ring mail         |    23 |   118 |    45 ||   186
         Skin              |    11 |    10 |       ||    21
  Dodge: Dodged            |    80 |   139 |    60 ||   279
